 Dungeon Crawl Stone Soup version 0.29.1-4-g47bece8355 (webtiles) character file.

Game seed: 3723530744113792459

13 DoIIoM the Caller (level 2, -2/17 HPs)
             Began as an Octopode Summoner on Dec 2, 2022.
             Slain by a quokka (3 damage)
             ... on level 1 of the Dungeon.
             The game lasted 00:00:42 (309 turns).

DoIIoM the Caller (Octopode Summoner)                Turns: 309, Time: 00:00:43

Health: -2/17      AC:  1    Str:  7    XL:     2   Next: 37%
Magic:  3/5        EV: 13    Int: 17    God:
Gold:   23         SH:  0    Dex: 12    Spells: 2/5 levels left

rFire   . . .      SeeInvis .   b - +0 short sword
rCold   . . .      Faith    .   (no shield)
rNeg    . . .      Spirit   .   (helmet restricted)
rPois   .          Reflect  .   (no amulet)
rElec   .          Harm     .   (no ring)
rCorr   .          Rampage  .   (no ring)
Will    .....                   (no ring)
Stlth   +++.......              (no ring)
HPRegen 0.05/turn               (no ring)
MPRegen 0.09/turn               (no ring)
                                (no ring)
                                (no ring)

@: no status effects
A: almost no armour, amphibious, 8 rings, camouflage 1, gelatinous body 1,
(nimble swimmer 1), tentacles
a: no special abilities


You were on level 1 of the Dungeon.
You visited 1 branch of the dungeon, and saw 1 of its levels.

You collected 23 gold pieces.

Inventory:

Hand Weapons
 b - a +0 short sword (weapon)
Scrolls
 c - a scroll of identify {unknown}
Potions
 a - a potion of magic


   Skills:
 - Level 2.0 Dodging
 + Level 3.2 Stealth
 + Level 2.3 Spellcasting
 + Level 4.1 Summonings


You had 2 spell levels left.
You knew the following spells:

 Your Spells              Type           Power      Damage    Failure   Level
a - Summon Small Mammal   Summ           64%        N/A       3%          1
b - Call Imp              Summ           16%        N/A       4%          2

Your spell library contained the following spells:

 Spells                   Type           Power      Damage    Failure   Level
 Call Canine Familiar     Summ           16%        N/A       10%         3
 Summon Guardian Golem    Hex/Summ       9%         N/A       24%         3
 Summon Lightning Spire   Summ/Air       9%         N/A       61%         4


Dungeon Overview and Level Annotations

Branches:
Dungeon (1/15)

Altars:


Innate Abilities, Weirdness & Mutations

You cannot wear most types of armour.
You are amphibious.
You can wear up to eight rings at the same time.
Your skin changes colour to match your surroundings (Stealth+).
Your rubbery body absorbs attacks. (AC +1, EV +1)
((You are camouflaged when in or above water. (Stealth+)))
You have tentacles for arms and can constrict up to eight enemies at once.


Message History

The helpless dart slug fails to defend itself.
You hit the dart slug. You grab the dart slug. You squeeze the dart slug!
You kill the dart slug!
A quokka comes into view.
Found a stone staircase leading down.
An endoplasm comes into view.
The helpless kobold fails to defend itself.
You hit the kobold.
You kill the kobold!
The helpless endoplasm fails to defend itself.
You hit the endoplasm.
The endoplasm is heavily wounded.
The endoplasm hits you.
You hit the endoplasm.
You kill the endoplasm!
You barely miss the quokka. Your grab misses the quokka. The quokka bites you.
You barely miss the quokka. Your grab misses the quokka.
The quokka closely misses you.
The quokka bites you but does no damage.
You hit the quokka but do no damage. Your grab misses the quokka.
The quokka barely misses you.
You hit the quokka. Your grab misses the quokka.
The quokka is severely wounded.
The quokka bites you.
You closely miss the quokka. Your grab misses the quokka.
The quokka is severely wounded.
The quokka bites you. The dart slug launches a dart at you.
The slug dart hits you.
* * * LOW HITPOINT WARNING * * *
The quokka bites you.
* * * LOW HITPOINT WARNING * * *
A rat and a ball python come into view.
The quokka bites you.
* * * LOW HITPOINT WARNING * * *
A dart slug comes into view.
Cast which spell? (? or * to list)
A beastly little devil appears in a puff of flame.
The quokka bites you.
You die...

##..# .##.###.#..## #
#.#.# ........... .#.#
.# .# .## #..
#....###.#.# # .#
....#.S #.)........# .#
.# ....>.##....#.....#
#.#.# #....w.........#
##..# ###.#5##.#.#.....#
....+ #...rr##.#.#.....#
##.## #.#.#.@........##
#.## w.........#.....#
.## ##.#.#.######...# ##
#.......(......# #
############..##
######### #..# #.......#
#..# #.#####.# #..#
#.#####.#############..#


You could see a dart slug, a quokka, a ball python (asleep), a rat (ally target)
and a friendly crimson imp (summoned).

Vanquished Creatures
  A dart slug (D:1)
  A ball python (D:1)
  An endoplasm (D:1)
  A giant cockroach (D:1)
  A goblin (D:1)
  3 bats (D:1)
  A kobold (D:1)
  2 rats (D:1)
11 creatures vanquished.

Notes
Turn   | Place    | Note
-------+----------+-------------------------------------------
     0 | D:1      | DoIIoM the Octopode Summoner began the quest for the Orb.
     0 | D:1      | Reached XP level 1. HP: 11/11 MP: 3/3
   245 | D:1      | Reached XP level 2. HP: 17/17 MP: 5/5
   248 | D:1      | Learned a level 2 spell: Call Imp
   309 | D:1      | Slain by a quokka

Illustrated notes

Levels and vault maps discovered:
D:1:      roderic_octagonal_star, layout_loops_ring,
          shapermc_ecumenical_altar_starsandcircs

Skill      XL: |  1 |
---------------+----+-----
Stealth        | 3 |  3.2
Dodging        | |  2.0
Spellcasting   | |  2.3
Summonings     | |  4.1

Action                   || total
-------------------------++-------
Melee: Short sword       ||    25
       Constrict         ||     7
       Tentacles         ||     6
 Cast: Call Imp          ||     1
 Stab: Sleeping          ||     5
Armor: Skin              ||     3
Dodge: Dodged            ||    16
